 Dungeon Crawl Stone Soup version 0.19-a0-1731-g1e0734d (webtiles) character file.

100 MackTheKnife the Magician (level 4, -2/28 HPs)
             Began as a High Elf Wanderer on Sept 30, 2016.
             Was an Initiate of Vehumet.
             Slain by Crazy Yiuf
             ... wielding a +3 quarterstaff of chaos
              (14 damage)
             ... on level 2 of the Dungeon.
             The game lasted 00:06:48 (2923 turns).

MackTheKnife the Magician (High Elf Wanderer)       Turns: 2923, Time: 00:06:49

Health: -2/28      AC:  4    Str: 11    XL:     4   Next: 47%
Magic:  4/9        EV: 16    Int: 19    God:    Vehumet [......]
Gold:   88         SH:  0    Dex: 17    Spells: 4 memorised, 1 level left

rFire  . . .     SeeInvis .     l - +0 whip
rCold  . . .     Gourm    .     j - +0 leather armour
rNeg   . . .     Faith    .     (no shield)
rPois  .         Spirit   .     (no helmet)
rElec  .         Dismiss  .     (no cloak)
rCorr  .         Reflect  .     k - +0 pair of gloves
MR     .....     Harm     .     (no boots)
Stlth  ++++......               (no amulet)
                                e - ring of wizardry {Wiz+, !d}
                                g - ring of stealth {Stlth+}

@: agile
A: no striking features
a: Renounce Religion


You were on level 2 of the Dungeon.
You worshipped Vehumet.
Vehumet was noncommittal.
You were not hungry.

You visited 1 branch of the dungeon, and saw 2 of its levels.

You collected 88 gold pieces.

Inventory:

Hand Weapons
 l - a +0 whip (weapon)
   (You took it off a kobold on level 1 of the Dungeon)
Missiles
 q - a throwing net {=f, !d}
Armour
 j - a +0 leather armour (worn)
   (You found it on level 1 of the Dungeon)
 k - a +0 pair of gloves (worn)
   (You found it on level 2 of the Dungeon)
Jewellery
 e - a ring of wizardry (right hand) {Wiz+, !d}
   (You found it on level 2 of the Dungeon)
 g - a ring of stealth (left hand) {Stlth+}
   (You found it on level 1 of the Dungeon)
Scrolls
 h - a scroll of teleportation {unknown}
 i - a scroll of enchant weapon {unknown}
 m - a scroll of identify
Potions
 d - a potion of curing
 p - a potion of berserk rage {unknown}
Books
 a - a book of Necromancy
 b - the Reference Book on Feathers

   Spells                             Type                      Level
   a - Shock                          Conjuration/Air              1
   b - Static Discharge               Conjuration/Air              3
Comestibles
 f - 3 bread rations {@e1}
 n - a slice of pizza


   Skills:
 - Level 1.0 Fighting
   Level 2.4 Long Blades
 - Level 1.1 Dodging
 - Level 1.1 Stealth
   Level 1.0 Shields
 + Level 3.0 Spellcasting
 + Level 1.0 Conjurations
 - Level 2.4 Charms
 - Level 1.4 Necromancy
 + Level 2.6 Air Magic
   Level 1.0 Evocations


You had one spell level left.
You knew the following spells:

 Your Spells              Type           Power        Failure   Level  Hunger
a - Animate Skeleton      Necr           N/A          4%          1    None
b - Static Discharge      Conj/Air       ##......     12%         3    ###....
r - Regeneration          Chrm/Necr      ##........   12%         3    ###....
z - Shock                 Conj/Air       ##..         4%          1    None


Dungeon Overview and Level Annotations

Branches:
Dungeon (2/15)

Altars:
Dithmenos
Vehumet
Xom

Annotations:
D:2 Crazy Yiuf


Message History

You swap places.
As you open the door, it creaks loudly!
There is an open door here.
A kobold comes into view.
Health restored: 28 You regained 2 mp, and now have 7/9 mp.
A kobold is nearby!
A kobold is nearby!
A kobold is nearby!
The kobold shouts!
You see here a bread ration {@e1}.
f - 3 bread rations {@e1} (gained 1)
The kobold hits you.
You take 2 damage, and have 26/28 hp.
You barely miss the kobold. The kobold hits you but does no damage.
You closely miss the kobold. The kobold barely misses you.
Your frilled lizard skeleton bites the kobold.
You hit the kobold but do no damage. The kobold closely misses you.
Your frilled lizard skeleton bites the kobold.
You hit the kobold but do no damage. The kobold hits you but does no damage.
Your frilled lizard skeleton barely misses the kobold.
You hit the kobold.
You kill the kobold!
Vehumet accepts your kill.
Your Conjurations skill increases to level 1!
A kobold comes into view. It is wielding a short sword.
There is an open door here.
The kobold closely misses you.
You barely miss the kobold. The kobold closely misses you.
Your frilled lizard skeleton misses the kobold.
MP restored: 9 You miss the kobold.
The kobold hits you with a short sword.
You hit the kobold.
You kill the kobold!
Vehumet accepts your kill.
Things that are here:
a short sword; a kobold corpse You swap places.
Things that are here:
a short sword; a kobold corpse Search for what [Enter for "weapon", or ? for help]? ego Can't find anything matching that.
Unknown command.
q - a throwing net {=f, !d} You see here 26 arrows.
You see here 26 arrows.
There is an open door here.
There is an open door here.
Eating a chunk of flesh {@w0}.
You start eating the chunk of flesh {@w0}.
You are feeling hungry.
You continue eating. x2
You finish eating.
Your frilled lizard skeleton crumbles into dust!
You see here 27 stones.
You open the door.
There is an open door here.
Partly explored, obstructed by runed door.
Health restored: 28 Partly explored, obstructed by runed door.
Partly explored, obstructed by runed door.
You open the door.
Crazy Yiuf the Enlightened comes into view.
He is wielding a quarterstaff of chaos.
Crazy Yiuf shouts!
Okay, then.
Unknown command.
Unknown command.
You aren't carrying any items that you can evoke.
Okay, then.
Unknown command.
The zap hits Crazy Yiuf. x2; Crazy Yiuf appears unharmed.
You now have 8/9 mp.
Your skin crawls.
Your skin is crawling a little less now.
You now have 5/9 mp.
Unknown command.
Crazy Yiuf is struck by lightning.
The lightning arcs!
You are struck by lightning.
The lightning grounds out.
Crazy Yiuf hits you with a quarterstaff of chaos!
You feel your power leaking away.
You take 8 damage, and have 20/28 hp.
MASSIVE DAMAGE!!
You now have 0/9 mp.
Okay, then.
You regained 2 hp, and now have 24/28 hp.
You feel agile all of a sudden.
Your skin stops crawling.
Crazy Yiuf hits you with a quarterstaff of chaos.
You are electrocuted!
Ouch! That really hurt!
You take 16 damage, and have 9/28 hp.
MASSIVE DAMAGE!!
Unknown command.
Crazy Yiuf says, "Papa down sow!"
Crazy Yiuf laughs, "Cards high illywillydillykilly!"
Crazy Yiuf yells, "Castle!
Two unthinkable sing."
Crazy Yiuf whimpers, "Spliff stair horse!"
There is a stone staircase leading up here.
Crazy Yiuf hits you with a quarterstaff of chaos!
Ouch! That really hurt!
You die...

.....#..........#
.....#..........#
......)......[..#######
...)..................#
..........#....######.#
....................#.#
.....#...........##.#.#
...............g)##.#.#
..........######@##.#.#
.............#....#.#.#
.....##...###########.#
.....++...# #.#
.....##...# ##### #.#
...#.##...# #)..# #.#
####.##...# #...# ###
#.####.# ... #.# #.#
#'#


You could see Crazy Yiuf.

Vanquished Creatures
  5 adders (D:2)
  3 dart slugs
  2 leopard geckos
  2 bats (D:2)
  2 giant cockroaches
  7 goblins
  8 hobgoblins
  9 kobolds
  2 frilled lizards (D:2)
  10 rats
50 creatures vanquished.

Notes
Turn   | Place    | Note
-------+----------+-------------------------------------------
     0 | D:1      | MackTheKnife the High Elf Wanderer began the quest for the Orb.
     0 | D:1      | MackTheKnife set off with: a book of Necromancy, the Reference Book on Feathers, a potion of curing, a +0 robe, a +0 club, a bread ration {@e1}
     0 | D:1      | Reached XP level 1. HP: 13/13 MP: 2/2
     0 | D:1      | Identified the Reference Book on Feathers
   106 | D:1      | Reached skill level 1 in Spellcasting
   273 | D:1      | Learned a level 1 spell: Pain
   295 | D:1      | HP: 2/13 [hobgoblin (4)]
   306 | D:1      | HP: 1/13 [hobgoblin/club (3)]
   316 | D:1      | Reached XP level 2. HP: 2/18 MP: 0/5
   747 | D:1      | Learned a level 1 spell: Shock
  1034 | D:1      | Reached skill level 1 in Air Magic
  1061 | D:1      | Reached skill level 2 in Spellcasting
  1385 | D:2      | Reached XP level 3. HP: 20/23 MP: 3/7
  1415 | D:2      | Learned a level 1 spell: Animate Skeleton
  1854 | D:2      | Reached skill level 2 in Air Magic
  2073 | D:2      | Found a runed door.
  2319 | D:2      | Reached XP level 4. HP: 28/28 MP: 2/9
  2598 | D:2      | Found a shimmering altar of Xom.
  2602 | D:2      | Found a shadowy altar of Dithmenos.
  2605 | D:2      | Found a radiant altar of Vehumet.
  2613 | D:2      | Became a worshipper of Vehumet
  2669 | D:2      | Learned a level 3 spell: Regeneration
  2673 | D:2      | Learned a level 3 spell: Static Discharge
  2699 | D:2      | Reached skill level 3 in Spellcasting
  2725 | D:2      | Reached skill level 1 in Conjurations
  2881 | D:2      | Noticed Crazy Yiuf
  2923 | D:2      | Slain by Crazy Yiuf

Vault maps used:
D:1:      lightli_arrival_isolated_outpost
D:2:      minmay_overflow_temple_star_quad, first_bread, uniq_crazy_yiuf_cottage

Skill      XL: |  1  2  3  4 |
---------------+-------------+-----
Spellcasting   | 1 2 3 |  3.0
Air Magic      | 1 2 |  2.6
Conjurations   | 1 |  1.0
Fighting       | |  1.0
Long Blades    | |  2.4
Dodging        | |  1.1
Stealth        | |  1.1
Shields        | |  1.0
Charms         | |  2.4
Necromancy     | |  1.4
Evocations     | |  1.0

Action                   |  1- 3 |  4- 6 || total
-------------------------+-------+-------++-------
Melee: Club              |    74 |       ||    74
       Whip              |    58 |    30 ||    88
 Cast: Pain              |     5 |       ||     5
       Shock             |    31 |    13 ||    44
       Animate Skeleton  |     3 |     1 ||     4
       Regeneration      |       |     1 ||     1
       Static Discharge  |       |     1 ||     1
  Use: Potion            |     1 |     1 ||     2
       Scroll            |     3 |       ||     3
 Stab: Sleeping          |     3 |       ||     3
  Eat: Chunk             |     5 |     2 ||     7
Armor: Leather armour    |    38 |     8 ||    46
       Robe              |     3 |       ||     3
Dodge: Dodged            |   121 |    18 ||   139

Vault maps used:
D:1:      lightli_arrival_isolated_outpost
D:2:      minmay_overflow_temple_star_quad, first_bread, uniq_crazy_yiuf_cottage

Table legend:
 A = Turns spent in this place as a percentage of turns spent in the entire game.
 B = Non-inter-level travel turns spent in this place as a percentage of non-inter-level travel turns spent in the entire game.
 C = Inter-level travel turns spent in this place as a percentage of turns spent in this place.
 D = Turns resting spent in this place as a percentage of non-inter-level travel turns spent in this place.
 E = Turns spent auto-exploring this place as a percentage of non-inter-level travel turns spent in this place.
 F = Non-inter-level travel turns spent in this place divided by the number of levels of this place that you've seen.
                   A       B       C       D       E      F
               +-------+-------+-------+-------+-------+----------------------
         Total | 100.0 | 100.0 |   0.2 |   4.7 |   5.5 | 433.0
       Dungeon | 100.0 | 100.0 |   0.2 |   4.7 |   5.5 | 433.0
               +-------+-------+-------+-------+-------+----------------------

Table legend:
 A = Kills in this place as a percentage of kills in entire the game.
 B = Kills by you in this place as a percentage of kills by you in the entire game.
 C = Kills by friends in this place as a percentage of kills by friends in the entire game.
 D = Other kills in this place as a percentage of other kills in the entire game.
 E = Experience gained in this place as a percentage of experience gained in the entire game.
 F = Experience gained in this place divided by the number of levels of this place that you have seen.
                   A       B       C       D       E      F
               +-------+-------+-------+-------+-------+----------------------
         Total | 100.0 | 100.0 |  -nan |  -nan | 100.0 |  72.0
       Dungeon | 100.0 | 100.0 |  -nan |  -nan | 100.0 |  72.0
               +-------+-------+-------+-------+-------+----------------------
